 Dungeon Crawl Stone Soup version 0.29-a0-364-g921d912d32 (webtiles) character file.

Game seed: 14635322248921048035

497 Lekart the Slasher (level 6, -1/53 HPs)
             Began as a Draconian Chaos Knight on Apr 28, 2022.
             Was a Plaything of Xom.
             Slain by an iguana (12 damage)
             ... on level 6 of the Dungeon on Apr 30, 2022.
             The game lasted 00:05:44 (3838 turns).

Lekart the Slasher (Draconian Chaos Knight)         Turns: 3838, Time: 00:05:45

Health: -1/53      AC:  6    Str: 12    XL:     6   Next: 93%
Magic:  6/6        EV: 12    Int: 13    God:    Xom [*.....]
Gold:   254        SH:  0    Dex:  8    Spells: 5/5 levels left

rFire   . . .      SeeInvis .   l - +8 spear "Ehofouto" {pain, Stlth+}
rCold   . . .      Faith    .   (no shield)
rNeg    . . .      Spirit   .   (body armour unavailable)
rPois   .          Reflect  .   (helmet restricted)
rElec   .          Harm     .   (no cloak)
rCorr   .          Rampage  .   (no gloves)
Will    .....                   (no boots)
Stlth   ++........              (no amulet)
HPRegen 0.17/turn               (no ring)
MPRegen 0.10/turn               (no ring)

@: no status effects
A: AC +6, unfitting armour, cold-blooded, clumsy 2, weak 1
a: Renounce Religion


You were on level 6 of the Dungeon.
You worshipped Xom.
You were a special plaything of Xom.
You visited 1 branch of the dungeon, and saw 5 of its levels.

You collected 254 gold pieces.

Inventory:

Hand Weapons
 a - a +0 falchion of chaos
 l - the +8 spear "Ehofouto" (weapon) {pain, Stlth+}
   (You found it on level 3 of the Dungeon)

   In the hands of one skilled in necromantic magic, it inflicts extra damage on
   living creatures.
   Stlth:     It makes you more stealthy.
Jewellery
 d - a +6 ring of strength
Scrolls
 g - a scroll of fog
 k - a scroll of identify
 m - a scroll of holy word {unknown}
 n - a scroll of teleportation {unknown}
Potions
 c - 8 potions of curing
 e - a potion of degeneration {unknown}
 f - a potion of flight {unknown}
 h - a potion of magic {unknown}
 j - a potion of mutation {unknown}
Miscellaneous
 b - a piece from Xom's chessboard (12/15) (quivered)


   Skills:
 + Level 4.4 Fighting
 + Level 5.6 Long Blades
 + Level 2.2 Polearms
 + Level 3.4 Dodging
 * Level 2.2 Necromancy
 + Level 0.1 Evocations


You had 5 spell levels left.
You didn't know any spells.
Your spell library contained the following spells:

 Spells                   Type           Power      Damage    Failure   Level
 Pain                     Necr           20%        1d5       12%         1
 Dazzling Flash           Conj/Hex       0%         N/A       67%         3
 Gell's Gravitas          Tloc           0%         N/A       67%         3
 Teleport Other           Tloc           0%         N/A       67%         3
 Agony                    Necr           5%         N/A       98%         5
 Excruciating Wounds      Necr           2%         N/A       98%         5
 Silence                  Hex/Air        0%         N/A       100%        5
 Summon Forest            Summ/Tloc      0%         N/A       100%        5
 Summon Mana Viper        Hex/Summ       0%         N/A       100%        5
 Dispersal                Tloc           0%         N/A       100%        6
 Summon Cactus Giant      Summ           0%         N/A       100%        6


Dungeon Overview and Level Annotations

Branches:
Dungeon (4/15)
 Temple: D:4-7

Altars:


Innate Abilities, Weirdness & Mutations

Your plain brown scales are hard. (AC +6)
You cannot fit into any form of body armour.
You are cold-blooded and may be slowed by cold attacks.
You are very clumsy. (Dex -4)
You are weak. (Str -2)


Message History

You puncture Menkaure!
Menkaure is severely damaged.
The helpless Menkaure fails to defend himself.
You hit Menkaure but do no damage. You tail-slap Menkaure.
Menkaure is severely damaged.
The iguana bites you.
The helpless Menkaure fails to defend himself.
You hit Menkaure.
Menkaure is almost destroyed.
The iguana bites you!
* * * LOW HITPOINT WARNING * * *
The helpless Menkaure fails to defend himself.
You hit Menkaure.
You destroy Menkaure!
The iguana closely misses you.
Your piece from Xom's chessboard (13/15) has regained one charge.
Your Polearms skill increases to level 2!
Your Necromancy skill increases to level 2!
You make a move on Xom's chessboard...
The iguana resists with significant effort.
The iguana bites you!
* * * LOW HITPOINT WARNING * * *
Okay, then.
Okay, then.
The iguana attacks as you move away! The iguana misses you.
The iguana attacks as you move away!
The iguana bites you but does no damage.
The iguana hisses menacingly.
The iguana attacks as you move away!
The iguana bites you but does no damage.
The iguana attacks as you move away!
The iguana bites you but does no damage.
The iguana attacks as you move away!
The iguana bites you but does no damage.
The iguana attacks as you move away! The iguana misses you.
Found a stone staircase leading up. "Tag, you're it!"
The stone staircase leading up slides away from you!
The iguana attacks as you move away! The iguana bites you!
You die...

#.#####...........
#.................
........########.#
................ .
#.#####.####### #
#.# #.# #l# #@#
#.# #<# #.# ###


You could see an iguana.

Vanquished Creatures
  Menkaure (D:6)
  A necrophage (D:6)
  A scorpion (D:4)
  4 iguanas
  5 adders
  2 white imps
  An ufetubus (D:4)
  A worm (D:2)
  3 dart slugs
  5 bats
  2 endoplasms
  5 giant cockroaches
  6 hobgoblins
  9 jackals
  4 quokkas
  12 ball pythons
  5 frilled lizards
  10 goblins
  A kobold (D:3)
  2 rats (D:2)
80 creatures vanquished.

Notes
Turn   | Place    | Note
-------+----------+-------------------------------------------
     0 | D:1      | Lekart the Draconian Chaos Knight began the quest for the
                  | Orb.
     0 | D:1      | Reached XP level 1. HP: 19/19 MP: 1/1
   211 | D:1      | XOM: silly message
   224 | D:1      | XOM: silly message
   227 | D:1      | Reached XP level 2. HP: 22/26 MP: 2/2
   373 | D:1      | Found a faded altar of an unknown god.
  1174 | D:2      | Reached XP level 3. HP: 20/33 MP: 3/3
  1375 | D:2      | XOM: summons 4 hostile shadow creatures
  1399 | D:1      | XOM: cloud trail
  1704 | D:2      | XOM: 1-stop teleportation journey
  1788 | D:2      | XOM: cloud trail
  2141 | D:3      | Reached skill level 4 in Long Blades
  2306 | D:3      | Reached XP level 4. HP: 40/40 MP: 4/4
  2325 | D:3      | XOM: 10-stop teleportation journey
  2578 | D:3      | XOM: cloud trail
  2845 | D:3      | Identified the +8 spear "Ehofouto" {pain, Stlth+}
  2864 | D:4      | Noticed a scorpion
  2869 | D:4      | Killed a scorpion
  2870 | D:4      | Reached XP level 5. HP: 38/46 MP: 5/5
  3056 | D:4      | Upgraded the game from 0.29-a0-359-g541a27f54d to
                  | 0.29-a0-364-g921d912d32
  3096 | D:4      | Reached skill level 1 in Necromancy
  3144 | D:4      | Reached skill level 5 in Long Blades
  3342 | D:4      | Reached skill level 1 in Polearms
  3372 | D:4      | XOM: give mutations
  3372 | D:4      | Gained mutation: You are clumsy. (Dex -2) [Xom's mischief]
  3372 | D:4      | Gained mutation: You are weak. (Str -2) [Xom's mischief]
  3372 | D:4      | Gained mutation: You are very clumsy. (Dex -4) [Xom's
                  | mischief]
  3560 | D:4      | You fall into a shaft and drop 2 floors!
  3564 | D:6      | Reached XP level 6. HP: 52/52 MP: 6/6
  3569 | D:6      | XOM: enchant monster (bad)
  3632 | D:6      | XOM: summons 1 hostile demon
  3646 | D:6      | XOM: enchant monster (bad)
  3802 | D:6      | Noticed Menkaure
  3814 | D:6      | Killed Menkaure
  3832 | D:6      | XOM: repel stairs
  3838 | D:6      | Slain by an iguana

Illustrated notes

Levels and vault maps discovered:
D:1:      minmay_arrival_semitransparent, layout_basic,
          nicolae_ecumenical_snake_handling, chequers_hall_statues_corner_a
D:2:      layout_loops_ring, supply_closet_lemuel
D:3:      layout_loops_ring, nrook_mini_backslash
D:4:      layout_cave_pools
D:6:      corexii_shantytown, layout_basic, uniq_duvessa, uniq_menkaure

Skill      XL: |  1  2  3  4  5  6 |
---------------+-------------------+-----
Long Blades    | 4 5 |  5.6
Fighting       | 4 |  4.4
Necromancy     | 1 2 |  2.2
Dodging        | 3 |  3.4
Polearms       | 1 2 |  2.2
Evocations     | |  0.1

Action                   |  1- 3 |  4- 6 || total
-------------------------+-------+-------++-------
Melee: Falchion          |   128 |    19 ||   147
       Tailslap          |    10 |     6 ||    16
       Punch             |     3 |       ||     3
       Spear             |       |    81 ||    81
Evoke: Piece from Xom's  |       |     4 ||     4
  Use: Potion            |     4 |     1 ||     5
       Scroll            |     3 |       ||     3
 Stab: Sleeping          |     1 |     5 ||     6
       Paralysed         |       |     6 ||     6
Armor: Skin              |    56 |    22 ||    78
Dodge: Dodged            |   103 |    45 ||   148

Table legend: (Time is in decaauts)
 A = Elapsed time spent in this place.
 B = Non-inter-level travel time spent in this place.
 C = Inter-level travel time spent in this place.
 D = Time resting spent in this place.
 E = Time spent auto-exploring this place.
 F = Levels seen in this place.
 G = Mean time per level.
                   A        B        C        D        E       F      G
               +--------+--------+--------+--------+--------+-----+--------+
         Total |   3865 |   3748 |    117 |    184 |   2980 |   5 |  773.0 |
       Dungeon |   3865 |   3748 |    117 |    184 |   2980 |   5 |  773.0 |
               +--------+--------+--------+--------+--------+-----+--------+

Top non-repeatable levels by time:
     D:1: 1231 daAuts
     D:2: 914 daAuts
     D:3: 737 daAuts
     D:4: 703 daAuts
     D:6: 279 daAuts
